 Dungeon Crawl Stone Soup version 0.24.0-123-gd5b16e6ec5 (webtiles) character file.

Game seed: 4625062859924947974, levelgen mode: deterministic

4774 votol the Magician (level 10, -16/74 HPs)
             Began as a Gnoll Fire Elementalist on Feb 4, 2020.
             Was a Follower of Sif Muna.
             Killed from afar by Erica (24 damage)
             ... with a bolt of poison
             ... on level 9 of the Dungeon on Feb 5, 2020.
             The game lasted 01:19:28 (9971 turns).

votol the Magician (Gnoll Fire Elementalist)        Turns: 9971, Time: 01:19:34

Health: -16/74     AC:  5    Str: 12    XL:     10   Next: 47%
Magic:  17/21      EV: 17    Int: 29    God:    Sif Muna [*.....]
Gold:   312        SH:  6    Dex: 19    Spells: 12/23 levels left

rFire    + + .     SeeInvis .   p - +8 long sword of Ukhenn {slice, rElec Int+4 Dex+4}
rCold    + . .     Gourm    .   s - +0 buckler
rNeg     . . .     Faith    .   H - +1 robe {rC+ rF+}
rPois    .         Spirit   .   (no helmet)
rElec    +         Reflect  .   A - scarf {repulsion}
rCorr    .         Harm     .   f - +0 pair of gloves
MR       .....                  u - +0 pair of boots
Stlth    ++++......             (no amulet)
HPRegen  0.22/turn              z - ring of protection from fire
MPRegen  0.17/turn              E - +5 ring of intelligence

@: lethally poisoned (-16 -> -28), slowed, repel missiles, very slow
A: distributed training, fangs 1, strong nose
a: Channel Magic, Renounce Religion


You were on level 9 of the Dungeon.
You worshipped Sif Muna.
Sif Muna was aware of your devotion.
You were near starving.

You visited 2 branches of the dungeon, and saw 10 of its levels.

You collected 312 gold pieces.

Inventory:

Hand Weapons
 k - a +0 spear
 l - a +4 dagger
 p - the +8 long sword of Ukhenn (weapon) {slice, rElec Int+4 Dex+4}
   (You found it on level 8 of the Dungeon)

   It inflicts extra damage upon your enemies.
   It affects your intelligence (+4).
   It affects your dexterity (+4).
   It insulates you from electricity.
Armour
 f - a +0 pair of gloves (worn)
 g - a +1 cloak of magic resistance
 s - a +0 buckler (worn)
 u - a +0 pair of boots (worn)
 A - a scarf of repulsion (worn)
 H - a +1 robe of resistance (worn)
Jewellery
 z - a ring of protection from fire (left hand)
 E - a +5 ring of intelligence (right hand)
Wands
 a - a wand of acid (3)
 F - a wand of flame (12)
 G - a wand of random effects (13)
Scrolls
 d - 3 scrolls of magic mapping
 n - 4 scrolls of enchant weapon
 r - 3 scrolls of remove curse
 y - a scroll of teleportation
 B - 2 scrolls of identify
 I - a scroll of fear
Potions
 b - 2 potions of mutation {unknown}
 e - 2 potions of heal wounds
 h - a potion of agility {unknown}
 i - 2 potions of cancellation {unknown}
 j - 4 potions of curing
 m - 2 potions of invisibility {unknown}
 o - a potion of berserk rage {unknown}
 q - 3 potions of might
 t - a potion of haste
 w - 2 potions of degeneration {unknown}
 x - 4 potions of brilliance
 C - a potion of ambrosia {unknown}
 D - a potion of flight {unknown}
Comestibles
 c - 22 rations


   Skills:
 + Level 5.2 Fighting
 + Level 5.2 Short Blades
 + Level 5.2 Long Blades
 + Level 5.2 Axes
 + Level 5.2 Maces & Flails
 + Level 5.2 Polearms
 + Level 5.2 Staves
 + Level 5.2 Slings
 + Level 5.2 Bows
 + Level 5.2 Crossbows
 + Level 5.2 Throwing
 + Level 5.2 Armour
 + Level 7.0 Dodging
 + Level 6.7 Stealth
 + Level 5.2 Shields
 + Level 5.2 Unarmed Combat
 + Level 7.3 Spellcasting
 + Level 4.8 Conjurations
 + Level 4.3 Hexes
 + Level 4.3 Charms
 + Level 4.3 Summonings
 + Level 4.3 Necromancy
 + Level 4.3 Translocations
 + Level 4.3 Transmutations
 + Level 7.0 Fire Magic
 + Level 4.3 Ice Magic
 + Level 4.3 Air Magic
 + Level 4.3 Earth Magic
 + Level 4.3 Poison Magic
 + Level 5.7 Invocations
 + Level 5.2 Evocations


You had 12 spell levels left.
You knew the following spells:

 Your Spells              Type           Power        Failure   Level  Hunger
a - Flame Tongue          Conj/Fire      #####        1%          1    None
b - Throw Flame           Conj/Fire      #####.       1%          2    None
c - Conjure Flame         Conj/Fire      #####...     1%          3    None
d - Fireball              Conj/Fire      #####.....   12%         5    ####...

Your spell library contained the following spells:

 Spells                   Type           Power        Failure   Level  Hunger
 Beastly Appendage        Tmut           #####.       1%          1    None
 Corona                   Hex            #####..      1%          1    None
 Blink                    Tloc           N/A          1%          2    None
 Slow                     Hex            #####...     1%          2    None
 Sticks to Snakes         Tmut           #####...     1%          2    None
 Inner Flame              Hex/Fire       #####...     1%          3    None
 Gell's Gravitas          Tloc           #####.....   2%          3    None
 Lesser Beckoning         Tloc           #####.....   2%          3    None
 Portal Projectile        Hex/Tloc       #####.       2%          3    None
 Spider Form              Tmut/Pois      #####.....   2%          3    None
 Sticky Flame             Conj/Fire      #####...     4%          4    ##.....
 Cause Fear               Hex            #####.....   9%          4    ##.....
 Ice Form                 Ice/Tmut       #####...     9%          4    ##.....
 Leda's Liquefaction      Hex/Erth       #####.....   9%          4    ##.....
 Passage of Golubria      Tloc           N/A          9%          4    ##.....
 Blade Hands              Tmut           #####.....   24%         5    ####...
 Malign Gateway           Summ/Tloc      #####.....   100%        7    #######


Dungeon Overview and Level Annotations

Branches:
Dungeon (9/15)             Temple (1/1) D:4
   Lair: D:8-11         Orc: D:9-12

Altars:
Ashenzari
Cheibriados
Dithmenos
Elyvilon
Gozag
Hepliaklqana
Kikubaaqudgha
Makhleb
Nemelex Xobeh
Okawaru
Qazlal
Ru
Sif Muna
Trog
Uskayaw
Vehumet
Wu Jian
Xom
Yredelemnul
Zin
The Shining One

Shops:
D:6 :!(

Annotations:
D:9 Erica


Innate Abilities, Weirdness & Mutations

Your experience applies equally to all skills.
You have very sharp teeth.
Your uncanny sense of smell can sniff out nearby items.


Message History

Aiming: Flame Tongue (safe; 1% risk of failure)
Press: ? - help, Shift-Dir - straight line The flame tongue hits something!
Something barely misses you.
Casting: Flame Tongue (safe; 1% risk of failure)
Confirm with . or Enter, or press ? or * to list all spells.
Aiming: Flame Tongue (safe; 1% risk of failure)
Press: ? - help, Shift-Dir - straight line Something hits you.
* * * LOW HITPOINT WARNING * * *
Casting: Flame Tongue (safe; 1% risk of failure)
Confirm with . or Enter, or press ? or * to list all spells.
Aiming: Flame Tongue (safe; 1% risk of failure)
Press: ? - help, Shift-Dir - straight line The flame tongue hits something.
Something hits you!
* * * LOW HITPOINT WARNING * * *
You hear some strange, mumbled words.
A bolt of poison appears from out of thin air!
The bolt of poison hits you!!
You are lethally poisoned!
You die...

########+###
#..........#
#(.........#
#..........#
#..........+
#..........# #{#####
#.@...## #####..#
#######.### ######
#.........# #.....
#.........#####.....
#.........#...'.....
#...........###.....
#..<......### #.....
#.........# #.....


There were no monsters in sight!

Vanquished Creatures
  Harold (D:7)
  Pikel (D:7)
  Joseph (D:8)
  Psyche (D:7)
  Eustachio (D:4)
  Sigmund (D:5)
  Duvessa (D:5)
  A water moccasin (D:6)
  An orc warrior (D:7)
  A sky beast (D:7)
  A slave (D:7)
  4 ogres
  A phantom (D:6)
  3 centaurs
  A big kobold (D:8)
  3 bullfrogs
  Dowan (D:5)
  A wyvern skeleton (D:6)
  A scorpion (D:9)
  6 killer bees (D:8)
  4 wights (D:7)
  4 howler monkeys
  3 crimson imps
  2 orc priests (D:7)
  2 hounds
  2 jellies
  Crazy Yiuf (D:5)
  3 bullfrog skeletons
  A centaur skeleton (D:6)
  3 orc wizards
  A worker ant (D:4)
  Ijyb (D:4)
  2 hound skeletons (D:5)
  3 gnolls (D:2)
  A howler monkey skeleton (D:7)
  4 adders
  An adder zombie (D:7)
  A dart slug (D:2)
  5 leopard geckos
  18 orcs
  2 ball pythons
  11 bats
  8 giant cockroaches
  9 goblins
  7 hobgoblins
  7 jackals
  7 kobolds
  4 quokkas
  3 frilled lizards (D:2)
  A jackal skeleton (D:5)
  A jackal zombie (D:6)
  9 rats
  A spectral orc (D:8)
164 creatures vanquished.

Vanquished Creatures (others)
  2 slaves (D:7)
  A howler monkey (D:7)
  A hound (D:7)
  An orc (D:7)
  A giant cockroach (D:7)
  4 jackals (D:7)
10 creatures vanquished.

Grand Total: 174 creatures vanquished

Notes
Turn   | Place    | Note
-------+----------+-------------------------------------------
     0 | D:1      | votol the Gnoll Fire Elementalist began the quest for the
                  | Orb.
     0 | D:1      | Reached XP level 1. HP: 13/13 MP: 6/6
   177 | D:1      | Reached XP level 2. HP: 19/19 MP: 3/7
   183 | D:1      | Learned a level 2 spell: Throw Flame
   637 | D:1      | Reached XP level 3. HP: 24/25 MP: 2/9
   841 | D:2      | Learned a level 3 spell: Conjure Flame
   857 | D:2      | Reached skill level 5 in Spellcasting
  1010 | D:2      | Reached skill level 1 in Invocations
  1107 | D:2      | Reached skill level 1 in Fighting
  1107 | D:2      | Reached skill level 1 in Short Blades
  1107 | D:2      | Reached skill level 1 in Long Blades
  1107 | D:2      | Reached skill level 1 in Axes
  1107 | D:2      | Reached skill level 1 in Maces & Flails
  1107 | D:2      | Reached skill level 1 in Polearms
  1107 | D:2      | Reached skill level 1 in Staves
  1107 | D:2      | Reached skill level 1 in Slings
  1107 | D:2      | Reached skill level 1 in Bows
  1107 | D:2      | Reached skill level 1 in Crossbows
  1107 | D:2      | Reached skill level 1 in Throwing
  1107 | D:2      | Reached skill level 1 in Armour
  1107 | D:2      | Reached skill level 1 in Shields
  1107 | D:2      | Reached skill level 1 in Unarmed Combat
  1107 | D:2      | Reached skill level 1 in Evocations
  1315 | D:2      | Reached XP level 4. HP: 32/32 MP: 3/11
  1464 | D:2      | Found a bloodstained altar of Trog.
  1464 | D:2      | Found an opulent altar of Gozag.
  1624 | D:2      | Reached skill level 1 in Hexes
  1624 | D:2      | Reached skill level 1 in Charms
  1624 | D:2      | Reached skill level 1 in Summonings
  1624 | D:2      | Reached skill level 1 in Necromancy
  1624 | D:2      | Reached skill level 1 in Translocations
  1624 | D:2      | Reached skill level 1 in Transmutations
  1624 | D:2      | Reached skill level 1 in Ice Magic
  1624 | D:2      | Reached skill level 1 in Air Magic
  1624 | D:2      | Reached skill level 1 in Earth Magic
  1624 | D:2      | Reached skill level 1 in Poison Magic
  2174 | D:3      | Reached XP level 5. HP: 37/37 MP: 3/12
  2181 | D:3      | Learned a level 5 spell: Fireball
  2354 | D:3      | Found a shimmering blue altar of Sif Muna.
  2360 | D:3      | Became a worshipper of Sif Muna the Loreminder
  2876 | D:4      | Reached XP level 6. HP: 38/44 MP: 0/13
  3004 | D:4      | Noticed Ijyb
  3010 | D:4      | Killed Ijyb
  3191 | D:4      | Noticed Eustachio
  3361 | D:4      | Found a staircase to the Ecumenical Temple.
  3375 | Temple   | Entered the Ecumenical Temple
  3770 | D:4      | Killed Eustachio
  3770 | D:4      | Reached skill level 5 in Dodging
  3933 | D:5      | Entered Level 5 of the Dungeon
  4023 | D:5      | Reached XP level 7. HP: 38/50 MP: 15/15
  4033 | D:5      | Noticed Sigmund
  4179 | D:5      | Killed Sigmund
  4427 | D:5      | Found a shimmering altar of Xom.
  4482 | D:5      | Found a runed translucent door.
  4483 | D:5      | Noticed Crazy Yiuf
  4491 | D:5      | Killed Crazy Yiuf
  4628 | D:5      | Reached skill level 5 in Stealth
  4751 | D:5      | Reached XP level 8. HP: 57/57 MP: 5/16
  4907 | D:5      | Noticed Duvessa
  4916 | D:5      | Noticed Dowan
  4921 | D:5      | Killed Duvessa
  4997 | D:5      | Killed Dowan
  5151 | D:5      | Found a hazy altar of Hepliaklqana.
  5269 | D:6      | Found Efaet's Antique Weapon Shop.
  5648 | D:6      | Found Durueton's Distillery.
  6098 | D:6      | Found Duttic's Book Shoppe.
  6119 | D:6      | Found a glowing silver altar of Zin.
  6272 | D:7      | Noticed Pikel
  6290 | D:7      | Killed Pikel
  6290 | D:7      | Reached XP level 9. HP: 57/65 MP: 2/18
  6857 | D:7      | Noticed Harold
  6894 | D:7      | Killed Harold
  7012 | D:7      | Reached skill level 5 in Invocations
  7345 | D:7      | Reached * piety under Sif Muna
  7628 | D:7      | Reached XP level 10. HP: 73/73 MP: 11/20
  8346 | D:8      | Noticed Joseph
  8490 | D:8      | Noticed Psyche
  8523 | D:7      | Killed Psyche
  8523 | D:7      | Reached skill level 5 in Fighting
  8523 | D:7      | Reached skill level 5 in Short Blades
  8523 | D:7      | Reached skill level 5 in Long Blades
  8523 | D:7      | Reached skill level 5 in Axes
  8523 | D:7      | Reached skill level 5 in Maces & Flails
  8523 | D:7      | Reached skill level 5 in Polearms
  8523 | D:7      | Reached skill level 5 in Staves
  8523 | D:7      | Reached skill level 5 in Slings
  8523 | D:7      | Reached skill level 5 in Bows
  8523 | D:7      | Reached skill level 5 in Crossbows
  8523 | D:7      | Reached skill level 5 in Throwing
  8523 | D:7      | Reached skill level 5 in Armour
  8523 | D:7      | Reached skill level 5 in Shields
  8523 | D:7      | Reached skill level 5 in Unarmed Combat
  8523 | D:7      | Reached skill level 5 in Evocations
  8771 | D:8      | Got an ichor-stained long sword
  8774 | D:8      | Identified the +8 long sword of Ukhenn {slice, rElec Int+4
                  | Dex+4} (You found it on level 8 of the Dungeon)
  8798 | D:8      | Found a sacrificial altar of Ru.
  8900 | D:8      | Found a basalt altar of Yredelemnul.
  9124 | D:8      | Identified the Papyrus of Dislocation
  9218 | D:8      | Killed Joseph
  9942 | D:9      | Noticed Erica
  9971 | D:9      | Killed from afar by Erica

Levels and vault maps discovered:
D:1:      minmay_arrival_widening_spiral_wide, layout_loops_ring, serial_forest,
          infiniplex_forest_lined_room_2, infiniplex_forest_end_1,
          infiniplex_forest_clump_diagonal, infiniplex_forest_clump_curved,
          infiniplex_forest_lined_room_, infiniplex_forest_zigzag_2,
          infiniplex_forest_lined_room_3
D:2:      layout_rooms, gammafunk_temple_overflow_statue, serial_bayou,
          serial_bayou_shore_a, serial_bayou_lagoon_b, serial_bayou_pond_a,
          serial_bayou_lagoon_a, serial_bayou_ford_a, serial_bayou_pond_b
D:3:      layout_loops_cross, led_sif_pool
D:4:      layout_rooms, temple_hall, due_unseen_surprise, uniq_eustachio,
          uniq_ijyb
D:5:      layout_rooms, lemuel_round_altar, xom_confusion_cloud, first_ration,
          uniq_sigmund, uniq_crazy_yiuf_cottage, uniq_duvessa
D:6:      layout_loops_ring, zin_statuary, serial_shops, nicolae_shop_trees,
          shop, shop
D:7:      layout_basic, uniq_harold, uniq_pikel
D:8:      layout_cave_pools, nicolae_ru_path_of_blood,
          yredelemnul_forgotten_temple_becter, blue_anna_alchemist
          [blue_anna_fruit_fields, blue_anna_fruit_fields], uniq_psyche,
          uniq_joseph
D:9:      layout_roguey, lemuel_coloured_pillars_altar,
          nicolae_underground_beach, uniq_erica
Temple:   nicolae_temple_figure_eight

Skill      XL: |  1  2  3  4  5  6  7  8  9 10 |
---------------+-------------------------------+-----
Conjurations   | 2 3 4 |  4.8
Spellcasting   | 5 6 7 |  7.3
Invocations    | 1 2 3 4 5 |  5.7
Fighting       | 1 2 3 4 5 |  5.2
Short Blades   | 1 2 3 4 5 |  5.2
Long Blades    | 1 2 3 4 5 |  5.2
Axes           | 1 2 3 4 5 |  5.2
Maces & Flails | 1 2 3 4 5 |  5.2
Polearms       | 1 2 3 4 5 |  5.2
Staves         | 1 2 3 4 5 |  5.2
Slings         | 1 2 3 4 5 |  5.2
Bows           | 1 2 3 4 5 |  5.2
Crossbows      | 1 2 3 4 5 |  5.2
Throwing       | 1 2 3 4 5 |  5.2
Armour         | 1 2 3 4 5 |  5.2
Shields        | 1 2 3 4 5 |  5.2
Unarmed Combat | 1 2 3 4 5 |  5.2
Evocations     | 1 2 3 4 5 |  5.2
Hexes          | 1 2 3 4 |  4.3
Charms         | 1 2 3 4 |  4.3
Summonings     | 1 2 3 4 |  4.3
Necromancy     | 1 2 3 4 |  4.3
Translocations | 1 2 3 4 |  4.3
Transmutations | 1 2 3 4 |  4.3
Ice Magic      | 1 2 3 4 |  4.3
Air Magic      | 1 2 3 4 |  4.3
Earth Magic    | 1 2 3 4 |  4.3
Poison Magic   | 1 2 3 4 |  4.3
Dodging        | 5 6 7 |  7.0
Stealth        | 5 6 |  6.7
Fire Magic     | 6 7 |  7.0

Action                   |  1- 3 |  4- 6 |  7- 9 | 10-12 || total
-------------------------+-------+-------+-------+-------++-------
Melee: Short sword       |     2 |       |       |       ||     2
       Dagger            |     2 |       |       |       ||     2
       Bite              |     1 |     3 |       |     1 ||     5
       Spear             |       |    69 |    27 |    67 ||   163
       Long sword        |       |       |       |    25 ||    25
 Cast: Flame Tongue      |    39 |    70 |   136 |    72 ||   317
       Throw Flame       |    12 |    30 |    55 |    18 ||   115
       Conjure Flame     |       |     7 |    18 |     8 ||    33
       Fireball          |       |       |       |     5 ||     5
Evoke: Wand              |       |     1 |     2 |     6 ||     9
  Use: Scroll            |     5 |     2 |     2 |     8 ||    17
       Potion            |       |       |       |     2 ||     2
  Eat: Chunk             |     1 |     8 |    12 |     4 ||    25
       Ration            |       |       |       |     1 ||     1
Armor: Robe              |     4 |    16 |     1 |     4 ||    25
Dodge: Dodged            |    21 |    64 |    33 |    36 ||   154
       Deflected         |       |       |    12 |     9 ||    21
Block: Buckler           |       |       |     3 |    17 ||    20
       Rpst.: Long sword |       |       |       |     2 ||     2
